 Dungeon Crawl Stone Soup version 0.24.0-37-gcf1ca852f1 (webtiles) character file.

Game seed: 10127680200129680166, levelgen mode: deterministic

1914 Ponchio the Geomancer (level 9, -3/45 HPs)
             Began as a Gargoyle Earth Elementalist on Dec 7, 2019.
             Was an Initiate of Vehumet.
             Slain by a hippogriff (9 damage)
             ... on level 7 of the Dungeon.
             The game lasted 00:31:16 (7890 turns).

Ponchio the Geomancer (Gargoyle Earth Elementalist) Turns: 7890, Time: 00:31:17

Health: -3/45      AC: 12    Str: 20      XL:     9   Next: 16%
Magic:  14/20      EV: 12    Int: 19      God:    Vehumet [......]
Gold:   258        SH:  3    Dex:  9 (10) Spells: 8/23 levels left

rFire    . . .     SeeInvis .   q - +6 war axe of Duty {chop, Str+8}
rCold    + . .     Gourm    .   (no shield)
rNeg     + . .     Faith    .   c - +0 robe
rPois    ∞         Spirit   .   u - +0 helmet
rElec    +         Reflect  +   b - +1 cloak
rCorr    .         Harm     .   t - +0 pair of gloves
MR       +....                  (no boots)
Stlth    ++........             l - +3 amulet of reflection
HPRegen  0.15/turn              e - ring of poison resistance
MPRegen  0.17/turn              (no ring)

@: no status effects
A: cold resistance 1, deterioration 1, magic resistance 1, negative energy
resistance 1, electricity resistance, wild magic 1, unbreathing, petrification
resistance, rot immunity, AC +6
a: Renounce Religion


You were on level 7 of the Dungeon.
You worshipped Vehumet.
Vehumet was noncommittal.
You were hungry.

You visited 2 branches of the dungeon, and saw 8 of its levels.

You collected 258 gold pieces.

Inventory:

Hand Weapons
 g - a +1 dagger of venom
 q - the +6 war axe of Duty (weapon) {chop, Str+8}
   (You found it on level 5 of the Dungeon)

   It inflicts extra damage upon your enemies.
   It affects your strength (+8).
Missiles
 j - 54 stones (quivered)
Armour
 b - a +1 cloak (worn)
 c - a +0 robe (worn)
 t - a +0 pair of gloves (worn)
 u - a +0 helmet (worn)
Magical Staves
 k - an uncursed staff of energy
Jewellery
 e - a ring of poison resistance (left hand)
 l - a +3 amulet of reflection (around neck)
Wands
 w - a wand of random effects (27)
Scrolls
 f - a scroll of remove curse
 m - 2 scrolls of fog
 r - 2 scrolls of teleportation
 x - a scroll of identify
Potions
 a - 2 potions of lignification
 h - 3 potions of agility
 i - a potion of magic
 n - 3 potions of curing
 o - a potion of flight
 p - a potion of haste
 s - 2 potions of mutation
Comestibles
 d - 8 rations


   Skills:
 - Level 1.5 Dodging
 - Level 2.1 Stealth
 + Level 7.8 Spellcasting
 - Level 0.7 Transmutations
 + Level 10.4 Earth Magic


You had 8 spell levels left.
You knew the following spells:

 Your Spells              Type           Power        Failure   Level  Hunger
a - Sandblast             Erth           ######       1%          1    None
b - Passwall              Tmut/Erth      #####...     2%          2    None
c - Stone Arrow           Conj/Erth      #####.       5%          3    #......
d - Petrify               Tmut/Erth      #####...     14%         4    ###....
e - Lee's Rapid Deconstr  Erth           ######....   6%          5    #####..

Your spell library contained the following spells:

 Spells                   Type           Power        Failure   Level  Hunger
 Confusing Touch          Hex            #.....       14%         1    None
 Confuse                  Hex            #.......     36%         3    #......
 Gell's Gravitas          Tloc           #.........   36%         3    #......
 Yara's Violent Unravell  Hex/Tmut       ##........   95%         5    #####..
 Metabolic Englaciation   Hex/Ice        #.........   97%         5    #####..


Dungeon Overview and Level Annotations

Branches:
Dungeon (7/15)             Temple (1/1) D:6

Altars:
Cheibriados
Dithmenos
Elyvilon
Fedhas
Gozag
Hepliaklqana
Kikubaaqudgha
Makhleb
Nemelex Xobeh
Okawaru
Qazlal
Ru
Sif Muna
Trog
Uskayaw
Vehumet
Wu Jian
Xom
Yredelemnul
Zin
The Shining One

Shops:
D:6 *


Innate Abilities, Weirdness & Mutations

You are resistant to torment.
Your stone body is resilient. (AC +6)
You are immune to poison.
You resist negative energy. (rN+)
You are resistant to electric shocks. (rElec)
You can survive without breathing.
You are immune to petrification.
You are immune to rotting.
Your flesh is cold resistant. (rC+)
Your body sometimes deteriorates upon taking damage.
You are resistant to hostile enchantments. (MR+)
Your spells are a little harder to cast, but a little more powerful.


Message History

* * * LOW HITPOINT WARNING * * *
You block the hippogriff's attack.
The hippogriff stops moving altogether!
The helpless hippogriff fails to defend itself.
You slash the hippogriff!
The hippogriff is heavily wounded.
The helpless hippogriff fails to defend itself.
You slice the hippogriff!!
The hippogriff is severely wounded.
The helpless hippogriff fails to defend itself.
You slash the hippogriff!
The hippogriff is almost dead.
The helpless hippogriff fails to defend itself.
You hit the hippogriff.
The hippogriff is almost dead.
The helpless hippogriff fails to defend itself.
You slash the hippogriff!
The hippogriff is almost dead.
The hippogriff is no longer petrified.
The hippogriff bites you!
You die...

#######
#.....##
#......#
#..<...#
#.....## ###
#.....##....
#...@.......
#...H.##....
#.....# ...
#.....# !.
#.....# .
#.....#
#.....#
#.....#
#.....#


You could see a hippogriff.

Vanquished Creatures
  Grinder (D:3)
  Duvessa (D:6)
  A phantom (D:5)
  4 ogres
  A centaur (D:6)
  Dowan (D:6)
  2 scorpions
  3 crimson imps
  3 hounds
  3 centaur skeletons
  An orc priest (D:5)
  3 orc wizards
  Crazy Yiuf (D:2)
  Jessica (D:2)
  A gnoll shaman (D:3)
  3 iguanas
  8 worker ants
  A hound zombie (D:5)
  A hound skeleton (D:5)
  5 gnolls
  2 adders (D:2)
  An adder zombie (D:5)
  2 worms
  2 dart slugs
  7 leopard geckos
  14 orcs
  A ball python (D:4)
  6 giant cockroaches
  6 goblins
  6 hobgoblins
  9 jackals
  7 kobolds
  5 quokkas
  A ball python skeleton (D:4)
  9 bats
  3 frilled lizards
  2 giant cockroach zombies (D:5)
  A jackal zombie (D:5)
  A leopard gecko skeleton (D:4)
  A leopard gecko zombie (D:5)
  10 rats
141 creatures vanquished.

Notes
Turn   | Place    | Note
-------+----------+-------------------------------------------
     0 | D:1      | Ponchio the Gargoyle Earth Elementalist began the quest for
                  | the Orb.
     0 | D:1      | Reached XP level 1. HP: 10/10 MP: 3/3
   118 | D:1      | Reached skill level 4 in Earth Magic
   118 | D:1      | Reached XP level 2. HP: 8/15 MP: 1/5
   740 | D:1      | Reached XP level 3. HP: 19/19 MP: 5/7
  1052 | D:2      | Found a stormy altar of Qazlal.
  1338 | D:2      | Noticed an ogre
  1454 | D:2      | Learned a level 2 spell: Passwall
  1458 | D:2      | Learned a level 3 spell: Stone Arrow
  1493 | D:2      | Noticed Jessica
  1499 | D:2      | Killed Jessica
  1499 | D:2      | Reached skill level 5 in Earth Magic
  1499 | D:2      | Reached XP level 4. HP: 24/24 MP: 6/8
  1521 | D:2      | Found a runed translucent door.
  1522 | D:2      | Noticed Crazy Yiuf
  1647 | D:2      | Killed an ogre
  1647 | D:2      | Reached XP level 5. HP: 28/28 MP: 4/10
  2167 | D:2      | Learned a level 4 spell: Petrify
  2171 | D:2      | Killed Crazy Yiuf
  2171 | D:2      | Reached skill level 6 in Earth Magic
  2298 | D:3      | Reached XP level 6. HP: 32/32 MP: 2/12
  2670 | D:3      | Noticed Grinder
  2683 | D:3      | Paralysed by Grinder for 2 turns
  2686 | D:3      | Paralysed by Grinder for 3 turns
  2777 | D:3      | Paralysed by Grinder for 7 turns
  3632 | D:3      | Gained mutation: Your body sometimes deteriorates upon
                  | taking damage. [potion of mutation]
  3632 | D:3      | Gained mutation: Your flesh is cold resistant. (rC+)
                  | [potion of mutation]
  3632 | D:3      | Gained mutation: Your spells are a little harder to cast,
                  | but a little more powerful. [potion of mutation]
  3632 | D:3      | Gained mutation: You are resistant to hostile enchantments.
                  | (MR+) [potion of mutation]
  3636 | D:3      | Paralysed by Grinder for 3 turns
  3643 | D:3      | Killed Grinder
  3643 | D:3      | Reached skill level 5 in Spellcasting
  3643 | D:3      | Reached skill level 7 in Earth Magic
  3643 | D:3      | Reached XP level 7. HP: 36/36 MP: 0/14
  4297 | D:4      | Learned a level 5 spell: Lee's Rapid Deconstruction
  4374 | D:4      | Reached skill level 8 in Earth Magic
  4912 | D:4      | Reached XP level 8. HP: 18/41 MP: 1/17
  5208 | D:5      | Entered Level 5 of the Dungeon
  5332 | D:5      | Got an ancient war axe
  5333 | D:5      | Identified the +6 war axe of Duty {chop, Str+8} (You found
                  | it on level 5 of the Dungeon)
  5797 | D:5      | Reached skill level 9 in Earth Magic
  6922 | D:6      | Found a staircase to the Ecumenical Temple.
  6938 | Temple   | Entered the Ecumenical Temple
  6949 | Temple   | Became a worshipper of Vehumet
  7260 | D:6      | Reached skill level 10 in Earth Magic
  7278 | D:6      | Reached XP level 9. HP: 43/45 MP: 9/20
  7345 | D:6      | Found an iron altar of Okawaru.
  7426 | D:6      | Found Leunuz's Assorted Antiques.
  7426 | D:6      | Noticed Duvessa
  7429 | D:6      | Noticed Dowan
  7431 | D:6      | Killed Duvessa
  7438 | D:6      | Killed Dowan
  7890 | D:7      | Slain by a hippogriff

Levels and vault maps discovered:
D:1:      dpeg_arrival_stonehenge_8_columns, layout_loops_ring
D:2:      wad_crossroads, layout_basic, nicolae_qazlal_general_emergency,
          uniq_crazy_yiuf_cottage, uniq_jessica
D:3:      layout_rooms, uniq_grinder
D:4:      layout_basic
D:5:      layout_gridville, first_ration
D:6:      layout_loops_ring, minmay_temple_entry_glassed_door, basic_altar,
          serial_shops, shop, uniq_duvessa
D:7:      layout_gridville, gammafunk_ghost_grave
Temple:   nicolae_temple_the_god_donut

Skill      XL: |  1  2  3  4  5  6  7  8 |
---------------+-------------------------+-----
Earth Magic    | 4 5 6 7 8 10 | 10.4
Spellcasting   | 3 4 5 6 7 |  7.8
Dodging        | |  1.5
Stealth        | |  2.1
Transmutations | |  0.7

Action                   |  1- 3 |  4- 6 |  7- 9 || total
-------------------------+-------+-------+-------++-------
Melee: Unarmed           |    13 |       |       ||    13
       Dagger            |     2 |    59 |    27 ||    88
       Staff             |       |       |     2 ||     2
       War axe           |       |       |    84 ||    84
 Cast: Sandblast         |    46 |    26 |     1 ||    73
       Stone Arrow       |       |    32 |    53 ||    85
       Lee's Rapid Decon |       |       |     6 ||     6
       Petrify           |       |       |     2 ||     2
Evoke: Staff of energy   |       |       |     1 ||     1
  Use: Scroll            |       |    10 |     5 ||    15
       Potion            |       |     2 |       ||     2
 Stab: Sleeping          |     1 |     1 |     2 ||     4
       Petrified         |       |       |     5 ||     5
  Eat: Chunk             |     1 |    10 |    13 ||    24
       Ration            |       |       |     1 ||     1
Armor: Robe              |    14 |    34 |    48 ||    96
Dodge: Dodged            |    20 |    43 |    71 ||   134
Block: Other             |       |     7 |    12 ||    19
